 Dungeon Crawl Stone Soup version 0.20.0-6-gd3061e9 (webtiles) character file.

272 Korbac the Poker (level 6, -1/55 HPs)
             Began as a Minotaur Fighter on May 29, 2017.
             Killed by divine providence
             ... invoked by an orc priest
              (8 damage)
             ... on level 3 of the Dungeon.
             The game lasted 00:08:56 (1464 turns).

Korbac the Poker (Minotaur Fighter)                 Turns: 1464, Time: 00:08:57

Health: -1/55      AC:  4    Str: 20    XL:     6   Next: 2%
Magic:  4/4        EV:  8    Int:  5    God:
Gold:   40         SH:  9    Dex: 12    Spells: 5/5 levels left

rFire    . . .     SeeInvis .   a - +1 trident
rCold    . . .     Gourm    .   c - +0 shield
rNeg     . . .     Faith    .   b - +0 scale mail
rPois    .         Spirit   .   (helmet restricted)
rElec    .         Reflect  .   (no cloak)
rCorr    .         Harm     .   (no gloves)
MR       .....                  (no boots)
Stlth    ..........             (no amulet)
Regen    0.2/turn               (no ring)
MPRegen  0.1/turn               (no ring)

@: no status effects
A: retaliatory headbutt, horns 2, agile 1, deformed body, low mp 1, weak 1
a: no special abilities


You were on level 3 of the Dungeon.
You were not hungry.

You visited 1 branch of the dungeon, and saw 3 of its levels.

You collected 40 gold pieces.

Inventory:

Hand Weapons
 a - a +1 trident (weapon)
Armour
 b - a +0 scale mail (worn)
 c - a +0 shield (worn)
 i - a +0 chain mail
Jewellery
 e - an uncursed ring of stealth {unknown}
 m - an uncursed amulet of the gourmand {unknown}
 n - an uncursed ring of fire {unknown}
Scrolls
 h - a scroll of enchant weapon
 p - a scroll of teleportation {unknown}
 r - a scroll of recharging {unknown}
 s - a scroll of amnesia {unknown}
Books
 q - a book of Cantrips

   Spells                             Type                      Level
   a - Confusing Touch                Hexes                        1
   b - Animate Skeleton               Necromancy                   1
   c - Summon Small Mammal            Summoning                    1
   d - Apportation                    Translocation                1
Comestibles
 t - a meat ration


   Skills:
 * Level 4.9 Fighting
 * Level 5.0 Polearms
 + Level 4.6 Armour
 + Level 1.6 Dodging
 + Level 4.5 Shields


You had 5 spell levels left.
You didn't know any spells.

Dungeon Overview and Level Annotations

Branches:
Dungeon (3/15)

Altars:


Innate Abilities, Weirdness & Mutations

You reflexively headbutt those who attack you in melee.
You have a pair of horns on your head.
You are agile. (Dex +2)
Armour fits poorly on your strangely shaped body.
Your magical capacity is low. (-10% MP)
You are weak. (Str -2)


Message History

Beogh smites you!
The orc priest hits you but does no damage.
The orc priest invokes the aid of Beogh against you.
Beogh smites you!
You hit the orc priest. You headbutt the orc priest!
The orc priest is severely wounded.
The orc priest calls down the wrath of Beogh upon you.
Beogh smites you!
* * * LOW HITPOINT WARNING * * *
The orc priest casts a cantrip, but nothing happens.
The orc priest mumbles some strange prayers to Beogh against you.
Pain shoots through your body!
* * * LOW HITPOINT WARNING * * *
The orc priest mumbles some strange prayers to Beogh against you.
You barely resist.
You aren't carrying any potions.
The orc priest begins to cast a cantrip, but forgets the words!
The orc priest calls down the wrath of Beogh upon you.
Beogh smites you!
You die... #..#.######.## #..#...##...# ##.###.##.### #.###....# ###...###### #...#.# . #.#.#.# .. #.#<# . oo.

#@######### ....
#.#..#o...# .)...
#....#o#.##......
###.##.#..o.oo...
#.oo)###.......
###### ..o....
#.o.... ......
......


You could see an orc priest.

Vanquished Creatures
  The ghost of cereshysteria the Ruffian, a weakling DrMo (D:3)
  3 jellies (D:2)
  A hound (D:3)
  An adder (D:3)
  8 oozes (D:2)
  A leopard gecko (D:1)
  8 orcs (D:3)
  A giant cockroach (D:1)
  8 goblins
  4 hobgoblins
  12 kobolds
  3 ball pythons
  5 bats (D:1)
  2 frilled lizards
  5 rats
  6 fungi (D:2)
69 creatures vanquished.

Vanquished Creatures (others)
  3 fungi (D:2)
  9 toadstools (D:2)
12 creatures vanquished.

Grand Total: 81 creatures vanquished

Notes
Turn   | Place    | Note
-------+----------+-------------------------------------------
     0 | D:1      | Korbac the Minotaur Fighter began the quest for the Orb.
     0 | D:1      | Reached XP level 1. HP: 19/19 MP: 0/0
   100 | D:1      | Reached XP level 2. HP: 24/27 MP: 1/1
   852 | D:2      | Reached XP level 3. HP: 33/33 MP: 2/2
  1027 | D:2      | Reached skill level 3 in Polearms
  1081 | D:2      | Reached skill level 1 in Dodging
  1081 | D:2      | Reached XP level 4. HP: 36/41 MP: 3/3
  1095 | D:2      | Reached XP level 5. HP: 41/47 MP: 4/4
  1102 | D:2      | Reached skill level 4 in Polearms
  1239 | D:3      | Noticed cereshysteria's ghost (weakling DrMo)
  1264 | D:3      | Killed cereshysteria's ghost
  1265 | D:3      | Gained mutation: Your magical capacity is low. (-10% MP) [potion of mutation]
  1265 | D:3      | Gained mutation: Armour fits poorly on your strangely shaped body. [potion of mutation]
  1265 | D:3      | Gained mutation: You are weak. (Str -2) [potion of mutation]
  1265 | D:3      | Gained mutation: You are agile. (Dex +2) [potion of mutation]
  1392 | D:3      | Reached skill level 5 in Polearms
  1428 | D:3      | Reached XP level 6. HP: 47/55 MP: 4/4
  1464 | D:3      | Killed from afar by an orc priest

Skill      XL: |  1  2  3  4  5 |
---------------+----------------+-----
Fighting       | 4 |  4.9
Armour         | 4 |  4.6
Polearms       | 3 5 |  5.0
Shields        | 4 |  4.5
Dodging        | 1 |  1.6

Action                   |  1- 3 |  4- 6 || total
-------------------------+-------+-------++-------
Melee: Trident           |   107 |   107 ||   214
       Headbutt          |    21 |    26 ||    47
  Use: Scroll            |     3 |       ||     3
       Potion            |     1 |     8 ||     9
  Eat: Bread ration      |     1 |       ||     1
Armor: Scale mail        |    33 |    19 ||    52
Dodge: Dodged            |    30 |    16 ||    46
Block: Shield            |    37 |    19 ||    56
